 Dungeon Crawl Stone Soup version 0.23-a0-183-gf37f6fb (webtiles) character file.

77 4thArraOfDagon the Slasher (level 4, 0/33 HPs)
             Began as a Mummy Warper on Sept 21, 2018.
             Slain by an adder (1 damage)
             ... on level 2 of the Dungeon.
             The game lasted 00:02:24 (889 turns).

4thArraOfDagon the Slasher (Mummy Warper)            Turns: 889, Time: 00:02:25

Health: 0/33       AC:  3    Str: 14    XL:     4   Next: 13%
Magic:  17/17      EV: 11    Int: 13    God:
Gold:   66         SH:  0    Dex: 11    Spells: 8/8 levels left

rFire    x . .     SeeInvis .   j - +4 club
rCold    + . .     Gourm    .   (no shield)
rNeg     + + +     Faith    .   b - +0 leather armour
rPois    ∞         Spirit   .   (no helmet)
rElec    .         Reflect  .   (no cloak)
rCorr    .         Harm     .   (no gloves)
MR       .....                  (no boots)
Stlth    +.........             (no amulet)
HPRegen  0.11/turn              h - ring of magical power
MPRegen  0.15/turn              (no ring)

@: no status effects
A: no food or potions, fire vulnerability, cold resistance 1, negative energy
resistance 3, torment resistance, unbreathing
a: no special abilities


You were on level 2 of the Dungeon.
You were not hungry.

You visited 1 branch of the dungeon, and saw 3 of its levels.

You collected 66 gold pieces.

Inventory:

Hand Weapons
 a - a +0 falchion
 j - a +4 club (weapon)
Missiles
 e - 3 tomahawks of dispersal (quivered)
Armour
 b - a +0 leather armour (worn)
Jewellery
 h - a ring of magical power (left hand)
Scrolls
 c - 4 scrolls of remove curse {unknown}
 d - a scroll of blinking
 f - a scroll of magic mapping {unknown}
 g - a scroll of amnesia {unknown}
 i - a scroll of identify {unknown}
 k - a scroll of random uselessness {unknown}


   Skills:
 - Level 2.0 Fighting
 - Level 3.1 Long Blades
 * Level 1.5 Maces & Flails
 - Level 0.7 Throwing
 - Level 0.7 Armour
 - Level 1.5 Dodging
 - Level 2.6 Spellcasting
   Level 2.4 Translocations


You had 8 spell levels left.
You didn't know any spells.
Your spell library contained the following spells:

 Spells                   Type           Power        Failure   Level  Hunger
 Blink                    Tloc           N/A          17%         2    N/A
 Shroud of Golubria       Chrm/Tloc      #.........   28%         2    N/A
 Gell's Gravitas          Tloc           #.........   32%         3    N/A
 Lesser Beckoning         Tloc           #.........   32%         3    N/A
 Teleport Other           Tloc           #.......     32%         3    N/A
 Passage of Golubria      Tloc           N/A          73%         4    N/A

Dungeon Overview and Level Annotations

Branches:
Dungeon (3/15)

Altars:

Annotations:
D:3 Sigmund


Innate Abilities, Weirdness & Mutations

You do not eat or drink.
Your flesh is vulnerable to fire.
You are immune to poison.
Your flesh is cold resistant. (rC+)
You are immune to negative energy. (rN+++)
You are immune to unholy pain and torment.
You can survive without breathing.


Message History

You are too injured to fight recklessly!
You completely miss the adder. The adder bites you. x2
* * * LOW HITPOINT WARNING * * *
You hit the adder.
The adder is heavily wounded.
The adder barely misses you. x2
You hit the adder.
The adder is severely wounded.
The adder bites you.
* * * LOW HITPOINT WARNING * * *
You closely miss the adder.
The adder is severely wounded.
The adder barely misses you. The adder bites you.
* * * LOW HITPOINT WARNING * * *
You hit the adder but do no damage.
The adder is severely wounded.
The adder bites you.
* * * LOW HITPOINT WARNING * * *
The adder bites you.
You die...

#####.#. ....... #.#.#.#
# ......#.#.#...%...
#######......$(.........
.....................#.#
#....<...... ........
#@#.# ....... #S#.#
...).. #g#S# #..#..
.##.##w#.# #.....
..w......># #†##..
#..#.##.### .##.###<##..
.. ...) ............
..S...... ............
#g.#.##..# ###.###.##..


You could see an adder, a dart slug and a goblin.

Vanquished Creatures
  Jessica (D:3)
  3 adders
  A leopard gecko (D:3)
  A giant cockroach (D:3)
  2 goblins
  5 hobgoblins
  A kobold (D:1)
  2 ball pythons (D:3)
  5 bats
  A frilled lizard (D:1)
  A rat (D:1)
23 creatures vanquished.

Notes
Turn   | Place    | Note
-------+----------+-------------------------------------------
     0 | D:1      | 4thArraOfDagon the Mummy Warper began the quest for the
                  | Orb.
     0 | D:1      | Reached XP level 1. HP: 16/16 MP: 4/4
    98 | D:1      | Reached skill level 2 in Long Blades
   143 | D:1      | Reached XP level 2. HP: 6/22 MP: 5/5
   558 | D:3      | Noticed Jessica
   576 | D:3      | Killed Jessica
   576 | D:3      | Reached skill level 3 in Long Blades
   576 | D:3      | Reached XP level 3. HP: 15/27 MP: 7/7
   784 | D:3      | Reached skill level 1 in Maces & Flails
   844 | D:3      | Noticed Sigmund
   875 | D:2      | Reached XP level 4. HP: 22/33 MP: 8/8
   889 | D:2      | HP: 1/33 [adder (2)]
   889 | D:2      | Slain by an adder

Vault maps used:
D:1:      dpeg_cavernosity, st_stairs_1, minmay_close_crescents
D:2:      first_ration, makhleb_heckhound_becter
D:3:      lemuel_crystal_altar, ebering_ghost_rock_garden, uniq_jessica,
          uniq_sigmund

Skill      XL: |  1  2  3 |
---------------+----------+-----
Long Blades    | 2 3 |  3.1
Maces & Flails | 1 |  1.5
Fighting       | |  2.0
Throwing       | |  0.7
Armour         | |  0.7
Dodging        | |  1.5
Spellcasting   | |  2.6
Translocations | |  2.4

Action                   |  1- 3 |  4- 6 || total
-------------------------+-------+-------++-------
Melee: Falchion          |    60 |       ||    60
       Club              |    25 |    14 ||    39
Throw: Tomahawk          |     2 |       ||     2
Armor: Leather armour    |    38 |     2 ||    40
Dodge: Dodged            |    67 |    10 ||    77
       Rpst.: Falchion   |    13 |       ||    13

Table legend:
 A = Non-vault XP
 B = Vault XP
 C = Vault XP percentage of total XP
 D = Non-vault monster count
 E = Vault monster count
 F = Vault count percentage of total count
                 A         B        C        D         E       F
            +---------+---------+-------+---------+---------+-------
      Total |      65 |      45 |  40.9 |      17 |       6 |  26.1
            +---------+---------+-------+---------+---------+-------
        D:1 |      11 |       8 |  42.1 |       6 |       5 |  45.5
        D:2 |      29 |       0 |   0.0 |       4 |       0 |   0.0
        D:3 |      25 |      37 |  59.7 |       7 |       1 |  12.5
            +---------+---------+-------+---------+---------+-------
